AoeStats
← Nego_do_Cabelo_Loiro

Arabia

503239703Analyzed
1v1 RM · 2mo ago on Aug 30, 2026· 46m 27s· 2 players
Game mode
Random Map
Map size
Tiny (2 player)
Population
200
Speed
Normal
Resources
Standard
Victory
Conquest
Starting age
Dark Age
Ending age
Imperial Age
RankedLock teamsTeams togetherTeam positionsShared explorationLock speedFull tech treeHidden civsTurbo modeCheats
Victory
Defeat
🇧🇷 Inca · Brazil
726
+17
vs
🇺🇸 Persians · United States
737
-17
Nego_do_Cabelo_Loiro
6:37 Loom
10:52 Feudal Age
15:52 Wheelbarrow
18:19 Champi Runner
20:41 Town Watch
22:13 Horse Collar
23:11 Forging
23:01 Scale Mail Armor
28:06 Castle Age
28:12 Champi Warrior
29:11 Chain Mail Armor
29:07 Pikeman
29:55 Squires
29:42 Arson
31:26 Iron Casting
30:18 Crossbowman
31:45 Double-Bit Axe
35:34 Arson
36:18 Hand Cart
42:11 Imperial Age
42:17 Elite Champi Warrior
44:18 Pikeman
Farraway
6:43 Loom
9:11 Feudal Age
10:23 Wheelbarrow
11:14 Double-Bit Axe
16:33 Horse Collar
17:25 Scale Barding Armor
18:12 Bloodlines
25:12 Castle Age
24:33 Fletching
25:45 Crossbowman
26:30 Thumb Ring
29:32 Bodkin Arrow
31:34 Bow Saw
33:56 Heavy Plow
40:17 Forging
42:36 Chain Barding Armor
42:52 Iron Casting
44:52 Ballistics
Connection lost

Rejoining the realm…

Still unreachable

The connection could not be restored.

Session expired

The server has moved on; the page needs a fresh start.